PBL
MIAMI BEACH MARLINS @ JOPLIN BLASTERS
10/12/2049
 
TOP OF THE 1ST
Palm Beach Nationals batting - Pitching for Miami Beach Marlins : LHP Shigeki Takeuchi
Pitching: LHP Shigeki Takeuchi
Batting: LHB R.J. O'Brien 0-0: Ball
1-0: Called Strike
1-1: Ball
2-1: Ball
3-1: Swinging Strike
3-2: Foul Ball, location: 2F
3-2: Base on Balls
Batting: LHB Xavier Pittman 0-0: Ball
1-0: Ball
2-0: Ball
3-0: Called Strike
3-1: Called Strike
3-2: Strikes out swinging
Batting: RHB Chris Lee 0-0: Called Strike
R.J. O'Brien is caught stealing 2nd base 2-4
0-1: Ball
1-1: Fly out, F5 (Popup, 5SF, EV 85.0 MPH)
Top of the 1st over - 0 runs, 0 hits, 0 errors, 0 left on base; Palm Beach 0 - Miami Beach 0
BOTTOM OF THE 1ST
Miami Beach Marlins batting - Pitching for Palm Beach Nationals : RHP Isaiah Foster
Pitching: RHP Isaiah Foster
Batting: LHB Mike Sammons 0-0: SINGLE (Line Drive, 6MD, EV 95.6 MPH)
Batting: LHB Bill Curtin 0-0: Ball
Pickoff Throw to First - Error! E1
Mike Sammons to second
1-0: Ground out U3 (Groundball, 3, EV 102.5 MPH)
Mike Sammons to third
Batting: SHB Carlos Rodriguez 0-0: Ball
1-0: Ball
2-0: Swinging Strike
2-1: Swinging Strike
2-2: Ball
3-2: Strikes out looking
Batting: RHB Armando Colon 0-0: Foul Ball, location: 2F
0-1: Ball
1-1: Fly out, F9 (Line Drive, 9, EV 95.6 MPH)
Bottom of the 1st over - 0 runs, 1 hit, 1 error, 1 left on base; Palm Beach 0 - Miami Beach 0
TOP OF THE 2ND
Palm Beach Nationals batting - Pitching for Miami Beach Marlins : LHP Shigeki Takeuchi
Batting: RHB Shunji Nakamura 0-0: SINGLE (Groundball, 56D, EV 96.3 MPH)
Batting: RHB Eric Cochran 0-0: Ball
1-0: Ground out 6-3 (Groundball, 6S, EV 66.9 MPH)
Shunji Nakamura to second
Batting: RHB Jody Breese 0-0: Ground out 1-3 (Groundball, 13, EV 70.6 MPH)
Shunji Nakamura to third
Batting: RHB Tyler Young 0-0: Ball
1-0: Ground out 5-3 (Groundball, 5S, EV 61.3 MPH)
Top of the 2nd over - 0 runs, 1 hit, 0 errors, 1 left on base; Palm Beach 0 - Miami Beach 0
BOTTOM OF THE 2ND
Miami Beach Marlins batting - Pitching for Palm Beach Nationals : RHP Isaiah Foster
Batting: SHB Bill Burd 0-0: Ball
1-0: Called Strike
1-1: Foul Ball, location: 2F
1-2: SOLO HOME RUN (Line Drive, 7LD, EV 101.9 MPH), Distance : 368 ft
Batting: LHB Kyle Goodwin 0-0: SINGLE (Line Drive, 8RS, EV 94.4 MPH)
Batting: RHB Kenny Dickey 0-0: Ball
1-0: Called Strike
1-1: Ball
2-1: Ball
3-1: Fielders Choice at 2nd, 6-4 (Groundball, 6, EV 80.0 MPH)
Batting: RHB Matt Heintz 0-0: Ball
1-0: Foul Ball, location: 2F
1-1: Foul Ball, location: 2F
1-2: Ball
2-2: Strikes out swinging
Batting: LHB Shigeki Takeuchi 0-0: Foul Ball, location: 2F
0-1: Ground out 4-3 (Groundball, 4, EV 108.8 MPH)
Bottom of the 2nd over - 1 run, 2 hits, 0 errors, 1 left on base; Palm Beach 0 - Miami Beach 1
TOP OF THE 3RD
Palm Beach Nationals batting - Pitching for Miami Beach Marlins : LHP Shigeki Takeuchi
Batting: SHB Noah Cody 0-0: Ball
1-0: DOUBLE (Flyball, 8RXD, EV 92.5 MPH)
Batting: LHB Isaiah Foster 0-0: Sac Bunt to P - play at third, runner safe!
Batting: LHB R.J. O'Brien 0-0: Called Strike
0-1: Ball
1-1: Hit by Pitch
Isaiah Foster to second
Batting: LHB Xavier Pittman 0-0: Ball
1-0: Called Strike
1-1: Ball
2-1: GRAND SLAM HOME RUN (Flyball, 9D, EV 91.9 MPH), Distance : 399 ft
Batting: RHB Chris Lee 0-0: Ball
1-0: Called Strike
1-1: Ball
2-1: Ball
3-1: Swinging Strike
3-2: Fly out, F9 (Flyball, 9LS, EV 85.0 MPH)
Batting: RHB Shunji Nakamura 0-0: Foul Ball, location: 2F
0-1: Called Strike
0-2: Foul Ball, location: 2F
0-2: Strikes out looking
Batting: RHB Eric Cochran 0-0: Ball
1-0: Ball
2-0: Swinging Strike
2-1: Ball
3-1: Foul Ball, location: 2F
3-2: Base on Balls
Batting: RHB Jody Breese 0-0: Fly out, F9 (Flyball, 9LMF, EV 90.6 MPH)
Top of the 3rd over - 4 runs, 2 hits, 0 errors, 1 left on base; Palm Beach 4 - Miami Beach 1
BOTTOM OF THE 3RD
Miami Beach Marlins batting - Pitching for Palm Beach Nationals : RHP Isaiah Foster
Batting: LHB Mike Sammons 0-0: Called Strike
0-1: Ball
1-1: Foul Ball, location: 2F
1-2: Foul Ball, location: 2F
1-2: Ball
2-2: Foul Ball, location: 2F
2-2: Ball
3-2: Base on Balls
Batting: LHB Bill Curtin 0-0: Foul Ball, location: 2F
0-1: Called Strike
0-2: Ball
1-2: Ball
2-2: Ball
3-2: Fly out, F7 (Flyball, 78M, EV 80.0 MPH)
Batting: SHB Carlos Rodriguez 0-0: Ball
Mike Sammons steals 2nd base
1-0: Ball
Passed Ball!
Mike Sammons to third
2-0: Ball
3-0: Base on Balls
Batting: RHB Armando Colon 0-0: Ball
Carlos Rodriguez steals 2nd base
1-0: Fly out, F8 (Flyball, 8RD, EV 86.9 MPH)
Runner from 3rd tags up, SCORES, throw by CF
Carlos Rodriguez to third
Batting: SHB Bill Burd 0-0: Ball
1-0: Ball
2-0: Foul Ball, location: 2F
2-1: Ball
3-1: Base on Balls
Batting: LHB Kyle Goodwin 0-0: Fly out, F9 (Flyball, 9, EV 89.4 MPH)
Bottom of the 3rd over - 1 run, 0 hits, 0 errors, 2 left on base; Palm Beach 4 - Miami Beach 2
TOP OF THE 4TH
Palm Beach Nationals batting - Pitching for Miami Beach Marlins : LHP Shigeki Takeuchi
Batting: RHB Tyler Young 0-0: Called Strike
0-1: SINGLE (Groundball, 34D, EV 93.8 MPH)
Batting: SHB Noah Cody 0-0: Ball
1-0: Called Strike
1-1: Called Strike
1-2: Strikes out swinging
Batting: LHB Isaiah Foster 0-0: Sac Bunt to 5S - play at first, batter OUT! 5-4
Tyler Young to second
Batting: LHB R.J. O'Brien 0-0: Ball
1-0: Called Strike
1-1: SINGLE (Groundball, 6MD, EV 98.8 MPH)
Tyler Young to third
Runner from 3rd tries for Home, SAFE, throw by CF to home
Batting: LHB Xavier Pittman 0-0: Fly out, F7 (Line Drive, 7, EV 90.6 MPH)
Top of the 4th over - 1 run, 2 hits, 0 errors, 1 left on base; Palm Beach 5 - Miami Beach 2
BOTTOM OF THE 4TH
Miami Beach Marlins batting - Pitching for Palm Beach Nationals : RHP Isaiah Foster
Batting: RHB Kenny Dickey 0-0: Ball
1-0: Foul Ball, location: 2F
1-1: Ball
2-1: Ball
3-1: Swinging Strike
3-2: Strikes out swinging
Batting: RHB Matt Heintz 0-0: Called Strike
0-1: Called Strike
0-2: Ground out U3 (Groundball, 34, EV 106.3 MPH)
Pinch Hitting: RHB Matt Stirk 0-0: Called Strike
0-1: Foul Ball, location: 2F
0-2: Ball
1-2: Ball
2-2: Ball
3-2: Foul Ball, location: 2F
3-2: DOUBLE (Flyball, 78D, EV 107.5 MPH)
Batting: LHB Mike Sammons 0-0: Ball
1-0: Swinging Strike
1-1: Foul Ball, location: 2F
1-2: Ball
2-2: Ball
3-2: Foul Ball, location: 2F
3-2: Strikes out swinging
Bottom of the 4th over - 0 runs, 1 hit, 0 errors, 1 left on base; Palm Beach 5 - Miami Beach 2
TOP OF THE 5TH
Palm Beach Nationals batting - Pitching for Miami Beach Marlins : LHP Shigeki Takeuchi
Pitching: LHP Shinkichi Kawase
Batting: RHB Chris Lee 0-0: SINGLE (Line Drive, 8LS, EV 107.5 MPH)
Batting: RHB Shunji Nakamura 0-0: Ball
1-0: 2-RUN HOME RUN (Line Drive, 7LD, EV 104.4 MPH), Distance : 377 ft
Batting: RHB Eric Cochran 0-0: Ball
1-0: Fly out, F7 (Flyball, 7S, EV 79.4 MPH)
Batting: RHB Jody Breese 0-0: Called Strike
0-1: Ground out 4-3 (Groundball, 4, EV 100.6 MPH)
Batting: RHB Tyler Young 0-0: Swinging Strike
0-1: Ball
1-1: Ball
2-1: Ball
3-1: Base on Balls
Batting: SHB Noah Cody 0-0: Ball
1-0: Ball
2-0: Called Strike
2-1: Called Strike
2-2: Strikes out swinging
Top of the 5th over - 2 runs, 2 hits, 0 errors, 1 left on base; Palm Beach 7 - Miami Beach 2
BOTTOM OF THE 5TH
Miami Beach Marlins batting - Pitching for Palm Beach Nationals : RHP Isaiah Foster
Batting: LHB Bill Curtin 0-0: Called Strike
0-1: Foul Ball, location: 2F
0-2: Ground out 1-3 (Groundball, 34S, EV 72.5 MPH)
Batting: SHB Carlos Rodriguez 0-0: Ball
1-0: Ball
2-0: Ball
3-0: Called Strike
3-1: Base on Balls
Pitching: RHP Jessie McCoy
Batting: RHB Armando Colon 0-0: Foul Ball, location: 2F
0-1: Foul Ball, location: 2F
0-2: Ball
1-2: Strikes out looking
Carlos Rodriguez steals 2nd base
Batter strikes out.
Batting: SHB Bill Burd 0-0: Ball
1-0: Ground out 4-3 (Groundball, 4, EV 108.1 MPH)
Bottom of the 5th over - 0 runs, 0 hits, 0 errors, 1 left on base; Palm Beach 7 - Miami Beach 2
TOP OF THE 6TH
Palm Beach Nationals batting - Pitching for Miami Beach Marlins : LHP Shinkichi Kawase
Batting: RHB Jessie McCoy 0-0: Ground out 1-3 (Groundball, 13, EV 80.0 MPH)
Batting: LHB R.J. O'Brien 0-0: Ball
1-0: Ball
2-0: Called Strike
2-1: Called Strike
2-2: Ball
3-2: Fly out, F8 (Flyball, 8LD, EV 106.9 MPH)
Batting: LHB Xavier Pittman 0-0: Swinging Strike
0-1: Swinging Strike
0-2: Strikes out swinging
Top of the 6th over - 0 runs, 0 hits, 0 errors, 0 left on base; Palm Beach 7 - Miami Beach 2
BOTTOM OF THE 6TH
Miami Beach Marlins batting - Pitching for Palm Beach Nationals : RHP Jessie McCoy
Batting: LHB Kyle Goodwin 0-0: Ball
1-0: Ball
2-0: Ball
3-0: Called Strike
3-1: Foul Ball, location: 2F
3-2: Foul Ball, location: 2F
3-2: Strikes out swinging
Batting: RHB Kenny Dickey 0-0: Called Strike
0-1: Ball
1-1: Foul Ball, location: 2F
1-2: Fly out, F6 (Popup, 6M, EV 64.4 MPH)
Batting: RHB Matt Heintz 0-0: Ground out 5-3 (Groundball, 5, EV 85.0 MPH)
Bottom of the 6th over - 0 runs, 0 hits, 0 errors, 0 left on base; Palm Beach 7 - Miami Beach 2
TOP OF THE 7TH
Palm Beach Nationals batting - Pitching for Miami Beach Marlins : LHP Shinkichi Kawase
Batting: RHB Chris Lee 0-0: Called Strike
0-1: Called Strike
0-2: Ball
1-2: Foul Ball, location: 2F
1-2: Ball
2-2: Strikes out looking
Batting: RHB Shunji Nakamura 0-0: Called Strike
0-1: Swinging Strike
0-2: Ball
1-2: Fly out, F8 (Flyball, 8LS, EV 77.5 MPH)
Batting: RHB Eric Cochran 0-0: Ground out 6-3 (Groundball, 6, EV 81.3 MPH)
Top of the 7th over - 0 runs, 0 hits, 0 errors, 0 left on base; Palm Beach 7 - Miami Beach 2
BOTTOM OF THE 7TH
Miami Beach Marlins batting - Pitching for Palm Beach Nationals : RHP Jessie McCoy
Pinch Hitting: RHB Tony Galvan 0-0: Swinging Strike
0-1: Called Strike
0-2: Strikes out looking
Batting: LHB Mike Sammons 0-0: Called Strike
0-1: Ball
1-1: Ball
2-1: Foul Ball, location: 2F
2-2: Foul Ball, location: 2F
2-2: Ball
3-2: Fly out, F2 (Popup, 25F, EV 86.3 MPH)
Batting: LHB Bill Curtin 0-0: Ball
1-0: Ball
2-0: Called Strike
2-1: Foul Ball, location: 2F
2-2: Strikes out swinging
Bottom of the 7th over - 0 runs, 0 hits, 0 errors, 0 left on base; Palm Beach 7 - Miami Beach 2
TOP OF THE 8TH
Palm Beach Nationals batting - Pitching for Miami Beach Marlins : LHP Shinkichi Kawase
Pitching: RHP Hyoji Harada
Batting: RHB Jody Breese 0-0: Swinging Strike
0-1: Ground out 4-3 (Groundball, 4, EV 83.1 MPH)
Batting: RHB Tyler Young 0-0: Ball
1-0: Called Strike
1-1: Called Strike
1-2: Ball
2-2: Ball
3-2: Foul Ball, location: 2F
3-2: Foul Ball, location: 2F
3-2: Strikes out swinging
Batting: SHB Noah Cody 0-0: Ball
1-0: Foul Ball, location: 2F
1-1: Ball
2-1: Swinging Strike
2-2: Ball
3-2: Foul Ball, location: 2F
3-2: Base on Balls
Batting: RHB Jessie McCoy 0-0: Ball
1-0: Ball
2-0: Ground out 5-3 (Groundball, 5S, EV 85.6 MPH)
Top of the 8th over - 0 runs, 0 hits, 0 errors, 1 left on base; Palm Beach 7 - Miami Beach 2
BOTTOM OF THE 8TH
Miami Beach Marlins batting - Pitching for Palm Beach Nationals : RHP Jessie McCoy
Batting: SHB Carlos Rodriguez 0-0: Called Strike
0-1: Called Strike
0-2: Foul Ball, location: 2F
0-2: Ball
1-2: Ball
2-2: DOUBLE (Flyball, 8RXD, EV 105.0 MPH)
Pitching: RHP Brendan Savage
Batting: RHB Armando Colon 0-0: DOUBLE (Line Drive, 89D, EV 100.6 MPH)
Carlos Rodriguez scores
Batting: SHB Bill Burd 0-0: Ball
1-0: Ground out 4-3 (Groundball, 4M, EV 99.4 MPH)
Armando Colon to third
Batting: LHB Kyle Goodwin 0-0: Ball
1-0: Foul Ball, location: 2F
1-1: Fly out, F7 (Flyball, 78M, EV 94.4 MPH)
Batting: RHB Kenny Dickey 0-0: Ball
1-0: Called Strike
1-1: Ball
2-1: SINGLE (Line Drive, 78S, EV 96.3 MPH)
Armando Colon scores
Batting: RHB Matt Heintz 0-0: Called Strike
0-1: Called Strike
0-2: Foul Ball, location: 2F
0-2: Foul Ball, location: 2F
0-2: Foul Ball, location: 2F
0-2: Ball
1-2: Reached on error, E5 (Groundball, 56, EV 89.4 MPH)
Kenny Dickey to second
Pinch Hitting: LHB Mike Gibbs 0-0: Ball
Wild Pitch!
Kenny Dickey to third
Matt Heintz to second
1-0: Ball
2-0: Called Strike
2-1: Foul Ball, location: 2F
2-2: Ball
3-2: Strikes out swinging
Bottom of the 8th over - 2 runs, 3 hits, 1 error, 2 left on base; Palm Beach 7 - Miami Beach 4
TOP OF THE 9TH
Palm Beach Nationals batting - Pitching for Miami Beach Marlins : RHP Hyoji Harada
Pitching: RHP Rocky Wright
Batting: LHB R.J. O'Brien 0-0: Called Strike
0-1: Swinging Strike
0-2: SINGLE (Groundball, 4MD, EV 104.4 MPH)
Batting: LHB Xavier Pittman 0-0: Ball
1-0: Ball
R.J. O'Brien steals 2nd, throwing error, E2
R.J. O'Brien to third
2-0: Swinging Strike
2-1: Fly out, F7 (Flyball, 7LD, EV 82.5 MPH)
Runner from 3rd tags up, SCORES, no throw by LF
Batting: RHB Chris Lee 0-0: Called Strike
0-1: Ball
1-1: Called Strike
1-2: Ground out 5-3 (Groundball, 56S, EV 81.3 MPH)
Batting: RHB Shunji Nakamura 0-0: Ball
1-0: Ball
2-0: Called Strike
2-1: Foul Ball, location: 2F
2-2: Strikes out swinging
Top of the 9th over - 1 run, 1 hit, 1 error, 0 left on base; Palm Beach 8 - Miami Beach 4
BOTTOM OF THE 9TH
Miami Beach Marlins batting - Pitching for Palm Beach Nationals : RHP Brendan Savage
Pitching: RHP Brian Havens
Batting: LHB Mike Sammons 0-0: Ball
1-0: Called Strike
1-1: Foul Ball, location: 2F
1-2: Ball
2-2: Ball
3-2: Ground out 3-1 (Groundball, 3S, EV 83.8 MPH)
Batting: LHB Bill Curtin 0-0: Called Strike
0-1: Foul Ball, location: 2F
0-2: Ball
1-2: Ball
2-2: Foul Ball, location: 2F
2-2: Strikes out looking
Batting: SHB Carlos Rodriguez 0-0: Called Strike
0-1: Swinging Strike
0-2: Ball
1-2: Foul Ball, location: 2F
1-2: Foul Ball, location: 2F
1-2: Strikes out swinging
Bottom of the 9th over - 0 runs, 0 hits, 0 errors, 0 left on base; Palm Beach 8 - Miami Beach 4
Sunday, July 16th , 2023 - OOTP Baseball 24.6 Build 69